MID
KANE COUNTY COUGARS @ DAYTON DRAGONS
08/15/2044
 
TOP OF THE 1ST
Kane County Cougars batting - Pitching for Dayton Dragons : RHP Arturo Naranjo
Pitching: RHP Arturo Naranjo
Batting: LHB Willie Gutierrez 0-0: Ball
1-0: Swinging Strike
1-1: Called Strike
1-2: Ground out 6-3 (Groundball, 6, EV 105.0 MPH)
Batting: RHB Franklin Villanueva 0-0: Foul Ball, location: 2F
0-1: Ball
1-1: Ball
2-1: Ground out 5-3 (Groundball, 5, EV 87.5 MPH)
Batting: RHB Dave Vargas 0-0: Called Strike
0-1: Called Strike
0-2: Ball
1-2: Ground out U3 (Groundball, 23, EV 80.0 MPH)
Top of the 1st over - 0 runs, 0 hits, 0 errors, 0 left on base; Kane County 0 - Dayton 0
BOTTOM OF THE 1ST
Dayton Dragons batting - Pitching for Kane County Cougars : RHP Eric Richards
Pitching: RHP Eric Richards
Batting: LHB Leo Gomez 0-0: Ball
1-0: Ball
2-0: Called Strike
2-1: Called Strike
2-2: Strikes out swinging
Batting: RHB Bruno André 0-0: Called Strike
0-1: Ball
1-1: Called Strike
1-2: Foul Ball, location: 2F
1-2: Foul Ball, location: 2F
1-2: Ball
2-2: Ball
3-2: Base on Balls
Batting: LHB Chris Grunwald 0-0: Called Strike
0-1: Ball
1-1: Called Strike
1-2: Strikes out swinging
Batting: SHB Kristian Kristensen 0-0: Foul Ball, location: 2F
0-1: Ball
1-1: Ball
2-1: Fly out, F9 (Line Drive, 9, EV 101.3 MPH)
Bottom of the 1st over - 0 runs, 0 hits, 0 errors, 1 left on base; Kane County 0 - Dayton 0
TOP OF THE 2ND
Kane County Cougars batting - Pitching for Dayton Dragons : RHP Arturo Naranjo
Batting: RHB Marlon Reda 0-0: Ball
1-0: DOUBLE (Groundball, 5L, EV 94.4 MPH)
Batting: LHB T.J. Duvall 0-0: Ball
1-0: Ball
2-0: Swinging Strike
2-1: SINGLE (Groundball, 34D, EV 98.8 MPH) (infield hit)
Marlon Reda to third
Batting: RHB Matt Maxwell 0-0: Called Strike
0-1: Hit by Pitch
T.J. Duvall to second
Batting: RHB John Pena 0-0: Ball
1-0: Called Strike
1-1: Ball
2-1: SINGLE (Groundball, 4MD, EV 106.3 MPH)
Marlon Reda scores
T.J. Duvall to third
Matt Maxwell to second
Runner from 3rd tries for Home, throw by CF and OUT! 8-2
Batting: RHB Curt Barrett 0-0: Ball
1-0: Foul Ball, location: 2F
1-1: Foul Ball, location: 2F
1-2: Ball
2-2: Fielders Choice at 2nd, 3-6 (Groundball, 34, EV 84.4 MPH)
Matt Maxwell to third
Batting: LHB Brian Nielsen 0-0: SINGLE (Groundball, 4MD, EV 96.9 MPH)
Matt Maxwell scores
Curt Barrett to second
Batting: LHB Willie Gutierrez 0-0: Swinging Strike
0-1: Ball
1-1: Ball
2-1: Called Strike
Balk!
Curt Barrett to third
Brian Nielsen to second
2-2: Strikes out swinging
Top of the 2nd over - 2 runs, 4 hits, 0 errors, 2 left on base; Kane County 2 - Dayton 0
BOTTOM OF THE 2ND
Dayton Dragons batting - Pitching for Kane County Cougars : RHP Eric Richards
Batting: LHB Matthew Berry 0-0: Called Strike
0-1: Ball
1-1: Ball
2-1: Foul Ball, location: 2F
2-2: Ball
3-2: Base on Balls
Batting: RHB Jonathan Davis 0-0: Called Strike
0-1: Swinging Strike
0-2: Strikes out swinging
Batting: RHB Pat Grover 0-0: Ball
1-0: Called Strike
1-1: Foul Ball, location: 2F
1-2: Foul Ball, location: 2F
1-2: Strikes out swinging
Batting: RHB Frank Moron 0-0: Ball
1-0: Ball
2-0: Ball
3-0: Base on Balls
Matthew Berry to second
Batting: RHB Tim Walter 0-0: Ball
1-0: Ball
2-0: Foul Ball, location: 2F
2-1: Called Strike
2-2: Ball
3-2: Strikes out swinging
Bottom of the 2nd over - 0 runs, 0 hits, 0 errors, 2 left on base; Kane County 2 - Dayton 0
TOP OF THE 3RD
Kane County Cougars batting - Pitching for Dayton Dragons : RHP Arturo Naranjo
Batting: RHB Franklin Villanueva 0-0: Foul Ball, location: 2F
0-1: Swinging Strike
0-2: Strikes out swinging
Batting: RHB Dave Vargas 0-0: Foul Ball, location: 2F
0-1: Called Strike
0-2: Ball
1-2: Strikes out swinging
Batting: RHB Marlon Reda 0-0: Called Strike
0-1: Ball
1-1: DOUBLE (Flyball, 8LXD, EV 109.4 MPH)
Batting: LHB T.J. Duvall 0-0: Ball
1-0: Ball
2-0: Called Strike
2-1: Ball
3-1: Reached on error, E6 (Groundball, 6, EV 105.0 MPH)
Marlon Reda scores
Batting: RHB Matt Maxwell 0-0: Ball
1-0: Swinging Strike
1-1: Ball
2-1: Swinging Strike
2-2: Ground out 5-3 (Groundball, 56, EV 84.4 MPH)
Top of the 3rd over - 1 run, 1 hit, 1 error, 1 left on base; Kane County 3 - Dayton 0
BOTTOM OF THE 3RD
Dayton Dragons batting - Pitching for Kane County Cougars : RHP Eric Richards
Batting: LHB Leo Gomez 0-0: Ball
1-0: Ball
2-0: Ball
3-0: Called Strike
3-1: Swinging Strike
3-2: Strikes out swinging
Batting: RHB Bruno André 0-0: Ball
1-0: Called Strike
1-1: Foul Ball, location: 2F
1-2: Strikes out swinging
Batting: LHB Chris Grunwald 0-0: SINGLE (Groundball, 6MD, EV 95.0 MPH)
Batting: SHB Kristian Kristensen 0-0: Ball
1-0: Fly out, F8 (Flyball, 78D, EV 102.5 MPH)
Bottom of the 3rd over - 0 runs, 1 hit, 0 errors, 1 left on base; Kane County 3 - Dayton 0
TOP OF THE 4TH
Kane County Cougars batting - Pitching for Dayton Dragons : RHP Arturo Naranjo
Batting: RHB John Pena 0-0: Ball
1-0: Ground out 5-3 (Groundball, 56S, EV 76.9 MPH)
Batting: RHB Curt Barrett 0-0: Called Strike
0-1: Swinging Strike
0-2: Ball
1-2: Strikes out swinging
Batting: LHB Brian Nielsen 0-0: Called Strike
0-1: Ball
1-1: Foul Ball, location: 2F
1-2: Foul Ball, location: 2F
1-2: Strikes out swinging
Top of the 4th over - 0 runs, 0 hits, 0 errors, 0 left on base; Kane County 3 - Dayton 0
BOTTOM OF THE 4TH
Dayton Dragons batting - Pitching for Kane County Cougars : RHP Eric Richards
Batting: LHB Matthew Berry 0-0: Ball
1-0: Ball
2-0: Ball
3-0: Called Strike
3-1: Called Strike
3-2: Base on Balls
Batting: RHB Jonathan Davis 0-0: Called Strike
0-1: Fly out, F8 (Line Drive, 8LD, EV 103.8 MPH)
Batting: RHB Pat Grover 0-0: Ball
1-0: Grounds into double play, 2-6-3 (Groundball, 2R, EV 72.5 MPH)
Bottom of the 4th over - 0 runs, 0 hits, 0 errors, 0 left on base; Kane County 3 - Dayton 0
TOP OF THE 5TH
Kane County Cougars batting - Pitching for Dayton Dragons : RHP Arturo Naranjo
Batting: LHB Willie Gutierrez 0-0: Foul Ball, location: 2F
0-1: Foul Ball, location: 2F
0-2: Ball
1-2: Strikes out swinging
Batting: RHB Franklin Villanueva 0-0: Called Strike
0-1: Ball
1-1: Ball
2-1: Foul Ball, location: 2F
2-2: Foul Ball, location: 2F
2-2: Foul Ball, location: 2F
2-2: Strikes out swinging
Batting: RHB Dave Vargas 0-0: Foul Ball, location: 2F
0-1: Ball
1-1: SINGLE (Flyball, 9S, EV 90.6 MPH)
Batting: RHB Marlon Reda 0-0: Ball
Dave Vargas steals 2nd base
1-0: Swinging Strike
1-1: Swinging Strike
1-2: Strikes out swinging
Top of the 5th over - 0 runs, 1 hit, 0 errors, 1 left on base; Kane County 3 - Dayton 0
BOTTOM OF THE 5TH
Dayton Dragons batting - Pitching for Kane County Cougars : RHP Eric Richards
Batting: RHB Frank Moron 0-0: Ground out 5-3 (Groundball, 5, EV 108.8 MPH)
Batting: RHB Tim Walter 0-0: Called Strike
0-1: Called Strike
0-2: SINGLE (Groundball, 5D, EV 99.4 MPH)
Batting: LHB Leo Gomez 0-0: Called Strike
0-1: SINGLE (Line Drive, 6MD, EV 97.5 MPH)
Tim Walter to second
Batting: RHB Bruno André 0-0: Ball
1-0: Ball
2-0: Ball
3-0: Base on Balls
Tim Walter to third
Leo Gomez to second
Batting: LHB Chris Grunwald 0-0: Ball
1-0: Ball
2-0: Ball
3-0: Base on Balls
Tim Walter scores
Leo Gomez to third
Bruno André to second
Batting: SHB Kristian Kristensen 0-0: Called Strike
0-1: Swinging Strike
0-2: Fly out, F4 (Line Drive, 4M, EV 80.6 MPH)
Batting: LHB Matthew Berry 0-0: Called Strike
0-1: Ball
1-1: Ball
2-1: Ball
3-1: Base on Balls
Leo Gomez scores
Bruno André to third
Chris Grunwald to second
Batting: RHB Jonathan Davis 0-0: SINGLE (Line Drive, 8LS, EV 108.8 MPH)
Bruno André scores
Chris Grunwald to third
Matthew Berry to second
Runner from 3rd tries for Home, SAFE, throw by CF to home
Batting: RHB Pat Grover 0-0: SINGLE (Flyball, 9LS, EV 89.4 MPH)
Matthew Berry to third
Jonathan Davis to second
Runner from 3rd tries for Home, SAFE, throw by RF to home
Pitching: RHP Andy Jensen
Batting: RHB Frank Moron 0-0: Ball
1-0: Ball
2-0: Ground out U3 (Groundball, 34, EV 85.6 MPH)
Bottom of the 5th over - 5 runs, 4 hits, 0 errors, 2 left on base; Kane County 3 - Dayton 5
TOP OF THE 6TH
Kane County Cougars batting - Pitching for Dayton Dragons : RHP Arturo Naranjo
Batting: LHB T.J. Duvall 0-0: Swinging Strike
0-1: Ball
1-1: Ball
2-1: Foul Ball, location: 2F
2-2: Fly out, F8 (Flyball, 78M, EV 96.3 MPH)
Batting: RHB Matt Maxwell 0-0: Called Strike
0-1: Ground out 1-3 (Groundball, 13S, EV 66.9 MPH)
Batting: RHB John Pena 0-0: Ball
1-0: Foul Ball, location: 2F
1-1: Swinging Strike
1-2: Ball
2-2: Ball
3-2: Fly out, F8 (Flyball, 8LD, EV 95.0 MPH)
Top of the 6th over - 0 runs, 0 hits, 0 errors, 0 left on base; Kane County 3 - Dayton 5
BOTTOM OF THE 6TH
Dayton Dragons batting - Pitching for Kane County Cougars : RHP Andy Jensen
Batting: RHB Tim Walter 0-0: Ball
1-0: Ground out 5-3 (Groundball, 56S, EV 85.0 MPH)
Batting: LHB Leo Gomez 0-0: Ball
1-0: Ball
2-0: Swinging Strike
2-1: Foul Ball, location: 2F
2-2: Foul Ball, location: 2F
2-2: Ground out 6-3 (Groundball, 6, EV 80.0 MPH)
Batting: RHB Bruno André 0-0: Swinging Strike
0-1: Swinging Strike
0-2: Ball
1-2: Strikes out swinging
Bottom of the 6th over - 0 runs, 0 hits, 0 errors, 0 left on base; Kane County 3 - Dayton 5
TOP OF THE 7TH
Kane County Cougars batting - Pitching for Dayton Dragons : RHP Arturo Naranjo
Batting: RHB Curt Barrett 0-0: Called Strike
0-1: Ball
1-1: Swinging Strike
1-2: Ball
2-2: Strikes out swinging
Pitching: RHP Joe Cardamone
Batting: LHB Brian Nielsen 0-0: Called Strike
0-1: Ball
1-1: Swinging Strike
1-2: Foul Ball, location: 2F
1-2: Ball
2-2: Strikes out looking
Batting: LHB Willie Gutierrez 0-0: Ball
1-0: Ball
2-0: Foul Ball, location: 2F
2-1: Ball
3-1: Base on Balls
Batting: RHB Franklin Villanueva 0-0: Ball
1-0: Foul Ball, location: 2F
1-1: Called Strike
Willie Gutierrez steals 2nd base
1-2: Ball
2-2: Foul Ball, location: 2F
2-2: DOUBLE (Groundball, 5L, EV 101.9 MPH)
Willie Gutierrez scores
Batting: RHB Dave Vargas 0-0: Ball
1-0: Ball
2-0: Foul Ball, location: 2F
2-1: SINGLE (Flyball, 34D, EV 87.5 MPH)
Franklin Villanueva to third
Runner from 3rd tries for Home, SAFE, throw by RF to home
Batting: RHB Marlon Reda 0-0: Called Strike
Dave Vargas steals 2nd base
0-1: Foul Ball, location: 2F
0-2: Ball
1-2: Reached on error, E3 (Groundball, 3, EV 99.4 MPH)
Dave Vargas to third
Batting: LHB T.J. Duvall 0-0: Ball
1-0: Ball
2-0: Called Strike
2-1: Ball
3-1: Called Strike
3-2: Base on Balls
Marlon Reda to second
Batting: RHB Matt Maxwell 0-0: Called Strike
0-1: Called Strike
0-2: Foul Ball, location: 2F
0-2: Ball
1-2: Foul Ball, location: 2F
1-2: Ball
2-2: Foul Ball, location: 2F
2-2: Ball
3-2: Ground out 6-3 (Groundball, 56, EV 85.6 MPH)
Top of the 7th over - 2 runs, 2 hits, 1 error, 3 left on base; Kane County 5 - Dayton 5
BOTTOM OF THE 7TH
Dayton Dragons batting - Pitching for Kane County Cougars : RHP Andy Jensen
Pitching: LHP Frank Rowe
Batting: LHB Chris Grunwald 0-0: Swinging Strike
0-1: Swinging Strike
0-2: Strikes out looking
Batting: SHB Kristian Kristensen 0-0: Foul Ball, location: 2F
0-1: Foul Ball, location: 2F
0-2: Ground out 6-3 (Groundball, 6S, EV 78.8 MPH)
Batting: LHB Matthew Berry 0-0: Ball
1-0: Ball
2-0: Ball
3-0: Called Strike
3-1: Base on Balls
Pitching: LHP Justin Martin
Batting: RHB Jonathan Davis 0-0: Foul Ball, location: 2F
0-1: DOUBLE (Flyball, 8LXD, EV 104.4 MPH)
Matthew Berry to third
Runner from 3rd tries for Home, SAFE, no throw by CF
Batting: RHB Pat Grover 0-0: Fly out, F9 (Flyball, 9LM, EV 75.0 MPH)
Bottom of the 7th over - 1 run, 1 hit, 0 errors, 1 left on base; Kane County 5 - Dayton 6
TOP OF THE 8TH
Kane County Cougars batting - Pitching for Dayton Dragons : RHP Joe Cardamone
Pitching: RHP Doug Elliott
Batting: RHB John Pena 0-0: Ball
1-0: Called Strike
1-1: Ball
2-1: Ball
3-1: Called Strike
3-2: Foul Ball, location: 2F
3-2: Base on Balls
Batting: RHB Curt Barrett 0-0: Foul Ball, location: 2F
0-1: Ball
Wild Pitch!
John Pena to second
1-1: Called Strike
1-2: Fly out, F9 (Flyball, 89S, EV 93.1 MPH)
Pitching: LHP Matt Estock
Pinch Hitting: RHB Wes Santiago 0-0: Ball
1-0: Called Strike
1-1: Ball
2-1: Called Strike
2-2: Strikes out looking
Batting: LHB Willie Gutierrez 0-0: Ball
1-0: Ball
2-0: Ball
3-0: Called Strike
3-1: Foul Ball, location: 2F
3-2: SINGLE (Groundball, 4MS, EV 71.3 MPH) (infield hit)
John Pena to third
Batting: RHB Franklin Villanueva 0-0: Called Strike
0-1: Ball
1-1: Ball
2-1: Ball
3-1: Fielders Choice at 2nd, 6-4 (Groundball, 6, EV 86.3 MPH)
Top of the 8th over - 0 runs, 1 hit, 0 errors, 2 left on base; Kane County 5 - Dayton 6
BOTTOM OF THE 8TH
Dayton Dragons batting - Pitching for Kane County Cougars : LHP Justin Martin
Now at 2B: Jason Rivers
Batting: RHB Frank Moron 0-0: Ball
1-0: Called Strike
1-1: Ball
2-1: Foul Ball, location: 2F
2-2: Ball
3-2: Foul Ball, location: 2F
3-2: Base on Balls
Batting: RHB Tim Walter 0-0: Ball
1-0: Ball
2-0: Bunt missed!
2-1: Ball
3-1: Sac Bunt to 5S - play at second, runner OUT! 5-6
Batting: LHB Leo Gomez 0-0: Ball
1-0: Ball
2-0: Ball
3-0: Base on Balls
Tim Walter to second
Batting: RHB Bruno André 0-0: Swinging Strike
0-1: Swinging Strike
0-2: Strikes out swinging
Batting: LHB Chris Grunwald 0-0: Called Strike
0-1: Foul Ball, location: 2F
0-2: Strikes out swinging
Bottom of the 8th over - 0 runs, 0 hits, 0 errors, 2 left on base; Kane County 5 - Dayton 6
TOP OF THE 9TH
Kane County Cougars batting - Pitching for Dayton Dragons : LHP Matt Estock
Pitching: RHP Justin Ambrose
Batting: RHB Dave Vargas 0-0: Fly out, F8 (Flyball, 8LD, EV 100.0 MPH)
Batting: RHB Marlon Reda 0-0: Ball
1-0: Ball
2-0: Ground out 4-3 (Groundball, 4, EV 93.8 MPH)
Batting: LHB T.J. Duvall 0-0: Foul Ball, location: 2F
0-1: Called Strike
0-2: SOLO HOME RUN (Flyball, 8RXD, EV 102.5 MPH), Distance : 414 ft
Batting: RHB Matt Maxwell 0-0: Ball
1-0: Ball
2-0: Ball
3-0: Called Strike
3-1: Base on Balls
Batting: RHB John Pena 0-0: Foul Ball, location: 2F
0-1: Ball
1-1: Called Strike
1-2: SINGLE (Line Drive, 89S, EV 110.6 MPH)
Matt Maxwell to second
Batting: RHB Curt Barrett 0-0: Ball
1-0: Ball
2-0: Ball
3-0: Called Strike
3-1: Fly out, F3 (Flyball, 3D, EV 91.9 MPH)
Top of the 9th over - 1 run, 2 hits, 0 errors, 2 left on base; Kane County 6 - Dayton 6
BOTTOM OF THE 9TH
Dayton Dragons batting - Pitching for Kane County Cougars : LHP Justin Martin
Pitching: LHP Yorihiko Honda
Batting: SHB Kristian Kristensen 0-0: Fly out, F6 (Flyball, 6D, EV 81.9 MPH)
Pinch Hitting: RHB Travis Petrick 0-0: Foul Ball, location: 2F
0-1: Ground out 1-3 (Groundball, 13, EV 71.3 MPH)
Batting: RHB Jonathan Davis 0-0: Called Strike
0-1: Fly out, F8 (Flyball, 8RXD, EV 103.1 MPH)
Bottom of the 9th over - 0 runs, 0 hits, 0 errors, 0 left on base; Kane County 6 - Dayton 6
TOP OF THE 10TH
Kane County Cougars batting - Pitching for Dayton Dragons : RHP Justin Ambrose
Pitching: LHP Mark Sandoval
Now at 1B: Travis Petrick
Batting: RHB Jason Rivers 0-0: Ball
1-0: Foul Ball, location: 2F
1-1: Ball
2-1: SOLO HOME RUN (Line Drive, 7LD, EV 93.1 MPH), Distance : 339 ft
Batting: LHB Willie Gutierrez 0-0: Ball
1-0: Foul Ball, location: 2F
1-1: Ball
2-1: Foul Ball, location: 2F
2-2: Ball
3-2: Foul Ball, location: 2F
3-2: Foul Ball, location: 2F
3-2: Foul Ball, location: 2F
3-2: Hit by Pitch
Pinch Runner at 1st Jake Hodge:
Batting: RHB Franklin Villanueva 0-0: Foul Ball, location: 2F
0-1: Swinging Strike
0-2: Foul Ball, location: 2F
0-2: Ball
1-2: Strikes out swinging
Batting: RHB Dave Vargas 0-0: Swinging Strike
0-1: Swinging Strike
0-2: Strikes out swinging
Batting: RHB Marlon Reda 0-0: Called Strike
0-1: Called Strike
0-2: Fly out, F7 (Flyball, 78S, EV 90.6 MPH)
Top of the 10th over - 1 run, 1 hit, 0 errors, 1 left on base; Kane County 7 - Dayton 6
BOTTOM OF THE 10TH
Dayton Dragons batting - Pitching for Kane County Cougars : LHP Yorihiko Honda
Pitching: RHP Rich Garces
Now in LF: Jake Hodge
Now in CF: Dave Vargas
Pinch Hitting: LHB Matt Kennedy 0-0: Swinging Strike
0-1: Foul Ball, location: 2F
0-2: Hit by Pitch
Pinch Hitting: LHB Andrew Hamm 0-0: Sac Bunt to 23 - play at first, batter OUT! 3-4
Matt Kennedy to second
Batting: RHB Tim Walter 0-0: Ball
Wild Pitch!
Matt Kennedy to third
1-0: Swinging Strike
1-1: Called Strike
1-2: Foul Ball, location: 2F
1-2: Strikes out swinging
Batting: LHB Leo Gomez 0-0: Called Strike
0-1: Foul Ball, location: 2F
0-2: Foul Ball, location: 2F
0-2: SINGLE (Groundball, 34D, EV 103.8 MPH)
Matt Kennedy scores
Batting: RHB Bruno André 0-0: Ball
Leo Gomez steals 2nd base
1-0: Foul Ball, location: 2F
1-1: Foul Ball, location: 2F
1-2: Fly out, F7 (Line Drive, 7D, EV 95.6 MPH)
Bottom of the 10th over - 1 run, 1 hit, 0 errors, 1 left on base; Kane County 7 - Dayton 7
TOP OF THE 11TH
Kane County Cougars batting - Pitching for Dayton Dragons : LHP Mark Sandoval
Now at C: Matt Kennedy
Now at 1B: Andrew Hamm
Now at 3B: Travis Petrick
Batting: LHB T.J. Duvall 0-0: Swinging Strike
0-1: Ball
1-1: Ball
2-1: Foul Ball, location: 2F
2-2: Foul Ball, location: 2F
2-2: Foul Ball, location: 2F
2-2: Foul Ball, location: 2F
2-2: Strikes out swinging
Pitching: RHP Adam McCurdy
Batting: RHB Matt Maxwell 0-0: Called Strike
0-1: SOLO HOME RUN (Flyball, 7LD, EV 96.9 MPH), Distance : 352 ft
Batting: RHB John Pena 0-0: Swinging Strike
0-1: SINGLE (Line Drive, 89S, EV 107.5 MPH)
Batting: RHB Curt Barrett 0-0: Called Strike
0-1: Ball
1-1: DOUBLE (Line Drive, 9LS, EV 98.1 MPH)
John Pena to third
Batting: RHB Jason Rivers 0-0: Called Strike
0-1: Ground out 6-3 (Groundball, 15, EV 78.8 MPH)
Batting: RHB Jake Hodge 0-0: Ball
1-0: Called Strike
1-1: Called Strike
1-2: Ball
Passed Ball!
John Pena scores
Curt Barrett to third
2-2: Foul Ball, location: 2F
2-2: Strikes out looking
Top of the 11th over - 2 runs, 3 hits, 0 errors, 1 left on base; Kane County 9 - Dayton 7
BOTTOM OF THE 11TH
Dayton Dragons batting - Pitching for Kane County Cougars : RHP Rich Garces
Batting: LHB Chris Grunwald 0-0: Called Strike
0-1: Foul Ball, location: 2F
0-2: Ball
1-2: Ball
2-2: Ball
3-2: Foul Ball, location: 2F
3-2: Strikes out swinging
Batting: SHB Kristian Kristensen 0-0: Ball
1-0: Ball
2-0: Called Strike
2-1: Foul Ball, location: 2F
2-2: Foul Ball, location: 2F
2-2: Foul Ball, location: 2F
2-2: Foul Ball, location: 2F
2-2: Ball
3-2: SINGLE (Line Drive, 8RS, EV 90.6 MPH)
Pitching: RHP Ming-feng Pi
Batting: RHB Travis Petrick 0-0: Ball
1-0: Foul Ball, location: 2F
1-1: Ball
2-1: Foul Ball, location: 2F
2-2: Ball
3-2: Base on Balls
Kristian Kristensen to second
Batting: RHB Jonathan Davis 0-0: Swinging Strike
0-1: Ball
1-1: Swinging Strike
1-2: Ball
2-2: DOUBLE (Line Drive, 7LD, EV 102.5 MPH)
Kristian Kristensen scores
Travis Petrick to third
Runner from 3rd tries for Home, SAFE, no throw by LF
Batting: LHB Matt Kennedy 0-0: Intentional Walk
Batting: LHB Andrew Hamm 0-0: Called Strike
0-1: Swinging Strike
0-2: Strikes out looking
Batting: RHB Tim Walter 0-0: Ball
1-0: Ball
2-0: Ball
3-0: Foul Ball, location: 2F
3-1: Called Strike
3-2: Strikes out swinging
Bottom of the 11th over - 2 runs, 2 hits, 0 errors, 2 left on base; Kane County 9 - Dayton 9
TOP OF THE 12TH
Kane County Cougars batting - Pitching for Dayton Dragons : RHP Adam McCurdy
Batting: RHB Franklin Villanueva 0-0: Ball
1-0: Foul Ball, location: 2F
1-1: Swinging Strike
1-2: Ball
2-2: Ball
3-2: Foul Ball, location: 2F
3-2: Strikes out looking
Batting: RHB Dave Vargas 0-0: Ball
1-0: Ground out 4-3 (Groundball, 4S, EV 68.1 MPH)
Pitching: LHP Tim Ketcham
Batting: RHB Marlon Reda 0-0: Ball
1-0: Called Strike
1-1: Ball
2-1: Foul Ball, location: 2F
2-2: SINGLE (Groundball, 6MD, EV 101.9 MPH)
Batting: LHB T.J. Duvall 0-0: Called Strike
0-1: Ball
1-1: 2-RUN HOME RUN (Flyball, 9D, EV 108.8 MPH), Distance : 391 ft
Batting: RHB Matt Maxwell 0-0: Ball
1-0: Ball
2-0: Called Strike
2-1: Ball
3-1: Ground out 5-3 (Groundball, 5, EV 85.0 MPH)
Top of the 12th over - 2 runs, 2 hits, 0 errors, 0 left on base; Kane County 11 - Dayton 9
BOTTOM OF THE 12TH
Dayton Dragons batting - Pitching for Kane County Cougars : RHP Ming-feng Pi
Batting: LHB Leo Gomez 0-0: Called Strike
0-1: Foul Ball, location: 2F
0-2: Fly out, F9 (Flyball, 89S, EV 86.3 MPH)
Batting: RHB Bruno André 0-0: Foul Ball, location: 2F
0-1: Foul Ball, location: 2F
0-2: Ball
1-2: Ground out 5-3 (Groundball, 56, EV 77.5 MPH)
Batting: LHB Chris Grunwald 0-0: Called Strike
0-1: Swinging Strike
0-2: Ball
1-2: Strikes out swinging
Bottom of the 12th over - 0 runs, 0 hits, 0 errors, 0 left on base; Kane County 11 - Dayton 9
Thursday, March 31st , 2022 - OOTP Baseball 22.12 Build 89